 Dungeon Crawl Stone Soup version 0.31-a0-112-gdf0485fa37 (webtiles) character file.

Game seed: 15548002232751495604

294 Kenran the Sneak (level 6, -1/61 HPs)
             Began as a Naga Brigand on May 28, 2023.
             Was a Follower of Nemelex Xobeh.
             Slain by Pikel
             ... wielding a +2 whip of flaming
              (5 damage)
             ... on level 4 of the Dungeon.
             The game lasted 00:06:41 (3099 turns).

Kenran the Sneak (Naga Brigand)                     Turns: 3099, Time: 00:06:41

Health: -1/61      AC:  6    Str: 15    XL:     6   Next: 34%
Magic:  6/6        EV:  9    Int: 12    God:    Nemelex Xobeh [*.....]
Gold:   208        SH:  0    Dex: 12    Spells: 5/5 levels left

rFire   . . .        s - +2 hammer (drain)
rCold   . . .        (no shield)
rNeg    . . .        b - +0 robe
rPois   +            (no helmet)
rElec   .            v - +2 cloak
rCorr   .            (no gloves)
SInv    +            (no barding)
Will    .....        i - amulet of regeneration
Stlth   +++          (no ring)
HPRegen 1.10/turn    (no ring)
MPRegen 0.10/turn

%: no passive effects
@: short of breath, very slow
A: AC +2, large, see invisible, deformed body, poison resistance, slowness 2,
spit poison 1, naga tail 1
a: Spit Poison, Renounce Religion, Draw Escape, Draw Destruction, Draw Summoning


You were on level 4 of the Dungeon.
You worshipped Nemelex Xobeh.
Nemelex Xobeh was aware of your devotion.
You visited 1 branch of the dungeon, and saw 5 of its levels.

You collected 208 gold pieces.

Inventory:

Hand Weapons
 a - a +2 dagger
 s - a +2 hammer of draining (weapon)
Missiles
 d - 8 poisoned darts (quivered)
 p - 2 javelins
Armour
 b - a +0 robe (worn)
 c - a +0 cloak
 v - a +2 cloak (worn)
Jewellery
 i - an amulet of regeneration (around neck)
Scrolls
 f - 3 scrolls of noise {unknown}
 k - a scroll of immolation {unknown}
 m - a scroll of amnesia {unknown}
 q - a scroll of enchant armour {unknown}
 t - 2 scrolls of teleportation {unknown}
 w - a scroll of magic mapping {unknown}
 x - 2 scrolls of identify {unknown}
 y - 3 scrolls of summoning {unknown}
Potions
 g - a potion of cancellation {unknown}
 h - a potion of ambrosia {unknown}
 j - 2 potions of curing {unknown}
 l - a potion of mutation {unknown}
 n - a potion of magic {unknown}
 o - a potion of heal wounds {unknown}
 r - a potion of haste {unknown}
 u - a potion of attraction {unknown}
 z - a potion of enlightenment {unknown}


   Skills:
 - Level 5.1 Fighting
 - Level 2.0 Short Blades
 + Level 3.0 Maces & Flails
 - Level 1.7 Throwing
 - Level 0.7 Dodging
 - Level 6.7 Stealth


You had 5 spell levels left.
You didn't know any spells.
Your spell library contained the following spells:

 Spells                   Type           Power      Damage    Failure   Level
 Sandblast                Erth           0%         2d4       32%         1
 Ensorcelled Hibernation  Hex/Ice        0%         N/A       45%         2
 Passwall                 Tmut/Erth      0%         N/A       45%         2
 Portal Projectile        Hex/Tloc       0%         N/A       69%         3
 Spider Form              Tmut/Pois      0%         N/A       69%         3
 Stone Arrow              Conj/Erth      0%         3d7       69%         3
 Tukima's Dance           Hex            0%         N/A       69%         3
 Anguish                  Hex/Necr       0%         N/A       97%         4
 Animate Dead             Necr           0%         N/A       97%         4
 Blade Hands              Tmut           0%         N/A       100%        5
 Borgnjor's Vile Clutch   Necr/Erth      0%         N/A       100%        5
 Death Channel            Necr           0%         N/A       100%        6


Dungeon Overview and Level Annotations

Branches:
Dungeon (5/15)
 Temple: D:4-7

Altars:
Dithmenos
Nemelex Xobeh

Annotations:
D:4 exclusion: ogre, Pikel


Innate Abilities, Weirdness & Mutations

Your serpentine skin is tough. (AC +2)
You have supernaturally acute eyesight. (SInv)
Armour fits poorly on your strangely shaped body.
Your system is resistant to poisons. (rPois)
You cover ground very slowly.
You can spit poison.
You have a snake-like lower body.


Message History

Pikel is almost dead.
Pikel seems less drained.
Pikel hits you with a +2 whip of flaming.
Pikel burns you.
You barely miss Pikel.
Pikel is almost dead.
Pikel hits you with a +2 whip of flaming.
Pikel burns you.
Pikel hits you with a +2 whip of flaming!
* * * LOW HITPOINT WARNING * * *
Pikel burns you.
* * * LOW HITPOINT WARNING * * *
You hit Pikel but do no damage.
Pikel is almost dead.
Pikel hits you with a +2 whip of flaming!
* * * LOW HITPOINT WARNING * * *
Pikel burns you.
* * * LOW HITPOINT WARNING * * *
Okay, then.
Okay, then.
Okay, then.
Throw: 9 darts (poison)
Press: ? - help, Shift-Dir - straight line, f/p - Pikel
Aim: Pikel, wielding a +2 whip of flaming and wearing a +2 robe of positive energy (almost dead, 51% to hit)
You throw a poisoned dart. The poisoned dart hits Pikel.
Pikel is poisoned.
Pikel is almost dead.
You have got your breath back.
Pikel barely misses you.
Aiming: Spit Poison (1% risk of failure)
Press: ? - help, Shift-Dir - straight line, f/p - Pikel
Aim: Pikel, wielding a +2 whip of flaming and wearing a +2 robe of positive energy (almost dead, poisoned, 50% to hit)
The splash of poison misses Pikel.
Pikel hits you with a +2 whip of flaming.
* * * LOW HITPOINT WARNING * * *
Pikel burns you.
* * * LOW HITPOINT WARNING * * *
Pikel attacks as you move away!
Pikel hits you with a +2 whip of flaming.
You die...
Your body glows slightly and disappears.

#######.###.....#
#..............####### #
##.#.###.#####........O
#......#.#####..########
#..#..........<........#
#########..#.....#......######.#
...........#..#.>.......# #.#
##########.#..#.##.###..# #.#
###.#....@.......# #.#
#.......K.....#.## #.#
#.#.##..#.......#######.#
#.#....###......#.......#
#.#.###.#......##.####### #
#.#.# ##.##.#.###.# ####
#.#.###.....#.# #.# ...##
#.#.##.."..##.# #.#
....####.#.##.....##.###.##


You could see Pikel (poisoned).

Vanquished Creatures
  A black bear (D:4)
  Crazy Yiuf (D:2)
  Natasha (thrice) (D:2)
  2 adders
  An ufetubus (D:4)
  5 worms
  2 dart slugs
  5 orcs
  2 bats (D:2)
  6 endoplasms
  3 giant cockroaches
  9 goblins
  3 hobgoblins
  3 kobolds
  A quokka (D:1)
  9 ball pythons
  3 frilled lizards
  5 rats
64 creatures vanquished.

Notes
Turn   | Place    | Note
-------+----------+-------------------------------------------
     0 | D:1      | Kenran the Naga Brigand began the quest for the Orb.
     0 | D:1      | Reached XP level 1. HP: 19/19 MP: 1/1
   130 | D:1      | HP: 1/20 [dart slug (2)]
   133 | D:1      | Reached XP level 2. HP: 1/27 MP: 2/2
   303 | D:1      | Found a faded altar of an unknown god.
   436 | D:1      | You fall into a shaft and drop 1 floor!
   440 | D:2      | Found a sparkling altar of Nemelex Xobeh.
   448 | D:2      | Became a worshipper of Nemelex Xobeh the Trickster
   538 | D:2      | Reached XP level 3. HP: 34/34 MP: 3/3
   982 | D:2      | Noticed Natasha
   991 | D:2      | Killed Natasha
   992 | D:2      | Reached XP level 4. HP: 40/44 MP: 4/4
   995 | D:2      | Noticed Natasha
  1009 | D:2      | Killed Natasha
  1335 | D:2      | Found a runed translucent door.
  1336 | D:2      | Noticed Crazy Yiuf
  1428 | D:2      | Noticed Natasha
  1437 | D:2      | Killed Natasha
  1438 | D:2      | Reached skill level 5 in Fighting
  1438 | D:2      | Reached skill level 6 in Stealth
  1438 | D:2      | Reached XP level 5. HP: 52/52 MP: 5/5
  1618 | D:3      | Reached * piety under Nemelex Xobeh
  2245 | D:2      | Killed Crazy Yiuf
  2365 | D:4      | Found a shadowy altar of Dithmenos.
  2479 | D:4      | Reached skill level 1 in Maces & Flails
  2508 | D:4      | Received a gift from Nemelex Xobeh
  2610 | D:4      | Noticed an ogre
  2688 | D:4      | Noticed a black bear
  2700 | D:4      | Killed a black bear
  2701 | D:4      | Reached XP level 6. HP: 55/61 MP: 6/6
  3064 | D:5      | Entered Level 5 of the Dungeon
  3066 | D:5      | Noticed Pikel
  3099 | D:4      | Slain by Pikel

Illustrated notes

Levels and vault maps discovered:
D:1:      lemuel_arrival_rhombus, layout_basic,
          dilly_ecumenical_altar_fadedgnrine
D:2:      layout_basic, basic_altar, uniq_crazy_yiuf_cottage, uniq_natasha
D:3:      layout_basic, patterned_corridor
D:4:      layout_loops_ring, mainiacjoe_overflow_small_starburst
D:5:      layout_basic, uniq_sigmund, uniq_duvessa, uniq_pikel

Skill      XL: |  1  2  3  4  5  6 |
---------------+-------------------+-----
Fighting       | 3 4 5 |  5.1
Stealth        | 6 |  6.7
Maces & Flails | 2 3 |  3.0
Short Blades   | |  2.0
Throwing       | |  1.7
Dodging        | |  0.7

Action                     |  1- 3 |  4- 6 || total
---------------------------+-------+-------++-------
  Melee: Dagger            |    48 |    88 ||   136
         Mace              |       |    63 ||    63
         Punch             |       |     3 ||     3
  Throw: Dart              |     3 |     6 ||     9
Ability: Spit Poison       |     4 |    10 ||    14
   Stab: Sleeping          |     3 |    13 ||    16
 Armour: Robe              |     6 |    41 ||    47
  Dodge: Dodged            |    20 |    64 ||    84

Table legend: (Time is in decaauts)
 A = Elapsed time spent in this place.
 B = Non-inter-level travel time spent in this place.
 C = Inter-level travel time spent in this place.
 D = Time resting spent in this place.
 E = Time spent auto-exploring this place.
 F = Levels seen in this place.
 G = Mean time per level.
                   A        B        C        D        E       F      G
               +--------+--------+--------+--------+--------+-----+--------+
         Total |   4144 |   3791 |    353 |    191 |   2607 |   5 |  828.8 |
       Dungeon |   4144 |   3791 |    353 |    191 |   2607 |   5 |  828.8 |
               +--------+--------+--------+--------+--------+-----+--------+

Top non-repeatable levels by time:
     D:2: 1058 daAuts
     D:1: 1056 daAuts
     D:4: 1021 daAuts
     D:3: 990 daAuts
     D:5: 17 daAuts
